 Dungeon Crawl Stone Soup version 0.26-a0-30-g56b8cd3df0 (webtiles) character file.

Game seed: 17120646730533932237, levelgen mode: deterministic

129 senseless the Skirmisher (level 4, 0/45 HPs)
             Began as a Minotaur Fighter on June 1, 2020.
             Blown up by an orc (17 damage)
             ... with a disintegration bolt
             ... on level 3 of the Dungeon.
             The game lasted 00:05:13 (1918 turns).

senseless the Skirmisher (Minotaur Fighter)         Turns: 1918, Time: 00:05:14

Health: 0/45       AC:  8    Str: 20    XL:     4   Next: 88%
Magic:  3/3        EV:  7    Int:  5    God:
Gold:   197        SH:  9    Dex: 11    Spells: 3/3 levels left

rFire    . . .     SeeInvis .   a - +0 flail
rCold    . . .     Gourm    .   c - +0 kite shield
rNeg     . . .     Faith    .   b - +0 scale mail
rPois    .         Spirit   .   (helmet restricted)
rElec    .         Reflect  .   (no cloak)
rCorr    .         Harm     .   j - +0 pair of gloves
MR       .....                  (no boots)
Stlth    ..........             (no amulet)
HPRegen  0.15/turn              (no ring)
MPRegen  0.08/turn              (no ring)

@: no status effects
A: retaliatory headbutt, horns 2
a: no special abilities


You were on level 3 of the Dungeon.
You were not hungry.

You visited 1 branch of the dungeon, and saw 3 of its levels.

You collected 197 gold pieces.

Inventory:

Hand Weapons
 a - a +0 flail (weapon)
Armour
 b - a +0 scale mail (worn)
 c - a +0 kite shield (worn)
 j - a +0 pair of gloves (worn)
Scrolls
 k - 3 scrolls of enchant armour {unknown}
 l - a scroll of blinking {unknown}
 n - a scroll of fear {unknown}
 o - a scroll of identify {unknown}
 p - a scroll of magic mapping {unknown}
Potions
 d - a potion of might
 e - a potion of lignification {unknown}
 h - 3 potions of ambrosia {unknown}
 i - a potion of invisibility {unknown}
 m - a potion of heal wounds {unknown}
Comestibles
 f - 8 rations


   Skills:
 + Level 6.8 Fighting
 - Level 2.4 Maces & Flails
 - Level 3.6 Armour
 - Level 3.6 Shields


You had 3 spell levels left.
You didn't know any spells.
Your spell library was empty.

Dungeon Overview and Level Annotations

Branches:
Dungeon (3/15)

Altars:
Dithmenos


Innate Abilities, Weirdness & Mutations

You reflexively headbutt those who attack you in melee.
You have a pair of horns on your head.


Message History

You butcher the orc corpse.
g - 5 chunks of flesh (gained 1)
Items here: )))) [[[ ÷÷ x2
Found a dagger.
Items here: )))) [[[ ÷÷
Okay, then.
k - 3 scrolls labeled CEOSSECKUU (gained 1)
A worm comes into view.
Found a stone staircase leading down.
An orc comes into view.
It is carrying a wand of disintegration (13).
The worm barely misses you.
You hit the worm. You headbutt the worm!
The worm is severely wounded.
The orc zaps a wand.
You are blasted!
Ouch! That really hurt!
You block the worm's attack.
You are too injured to fight recklessly!
All of the chunks of flesh in your inventory have rotted away.
The orc zaps a wand.
You are blasted!
You die...

######### #.......####
# #@#.. .#
#.#.#######.###
#####.#....#........
#.#......?......... . .
...>...w.......... .#.
#.............#.###..
## ##.#####.....).....#
...
#.......o...#.#.#.#.#.#
#####........#.#.#.#.#
.


You could see a worm and an orc.

Vanquished Creatures
  An orc priest (D:3)
  3 adders (D:2)
  An ooze (D:1)
  2 worms
  2 dart slugs
  3 leopard geckos
  2 orcs (D:3)
  3 giant cockroaches (D:1)
  4 goblins (D:1)
  11 hobgoblins
  5 kobolds
  A ball python (D:2)
  4 bats (D:1)
  6 frilled lizards
  7 rats
55 creatures vanquished.

Notes
Turn   | Place    | Note
-------+----------+-------------------------------------------
     0 | D:1      | senseless the Minotaur Fighter began the quest for the Orb.
     0 | D:1      | Reached XP level 1. HP: 19/19 MP: 0/0
    84 | D:1      | Reached skill level 4 in Fighting
   249 | D:1      | Reached XP level 2. HP: 25/28 MP: 1/1
   457 | D:1      | Reached skill level 5 in Fighting
   603 | D:1      | Reached XP level 3. HP: 36/36 MP: 2/2
  1305 | D:2      | Reached skill level 6 in Fighting
  1305 | D:2      | Reached XP level 4. HP: 44/44 MP: 3/3
  1454 | D:2      | Found a shadowy altar of Dithmenos.
  1918 | D:3      | Blown up by an orc

Illustrated notes

Levels and vault maps discovered:
D:1:      minmay_arrival_four_houses, layout_loops_cross, serial_park_tiny_2,
          grunt_decor_cap, minmay_misc_feat_alley, minivault_4, st_stairs_4
D:2:      layout_rooms, nicolae_dithmenos_through_a_glass_darkly
D:3:      layout_basic, first_ration, moated_statue, kennysheep_generic_room_3

Skill      XL: |  1  2  3 |
---------------+----------+-----
Fighting       | 4 5 6 |  6.8
Maces & Flails | |  2.4
Armour         | |  3.6
Shields        | |  3.6

Action                   |  1- 3 |  4- 6 || total
-------------------------+-------+-------++-------
Melee: Flail             |   101 |    28 ||   129
       Headbutt          |    11 |     6 ||    17
  Eat: Chunk             |     1 |     2 ||     3
Armor: Scale mail        |    48 |     4 ||    52
Dodge: Dodged            |    33 |    10 ||    43
Block: Kite shield       |    58 |     8 ||    66

Table legend:
 A = Non-vault XP
 B = Vault XP
 C = Vault XP percentage of total XP
 D = Non-vault monster count
 E = Vault monster count
 F = Vault count percentage of total count
                 A         B        C        D         E       F
            +---------+---------+-------+---------+---------+-------
      Total |     180 |       5 |   2.7 |      52 |       3 |   5.5
            +---------+---------+-------+---------+---------+-------
        D:1 |      53 |       5 |   8.6 |      28 |       3 |   9.7
        D:2 |      63 |       0 |   0.0 |      15 |       0 |   0.0
        D:3 |      64 |       0 |   0.0 |       9 |       0 |   0.0
            +---------+---------+-------+---------+---------+-------
